 Dungeon Crawl Stone Soup version 0.20-a0-501-g0de2c2e (webtiles) character file.

285 nono the Covered (level 6, 0/61 HPs)
             Began as a Halfling Abyssal Knight on Jan 19, 2017.
             Was a Believer of Lugonu.
             Succumbed to an adder's poison
             ... on level 4 of the Dungeon.
             The game lasted 00:06:52 (2637 turns).

nono the Covered (Halfling Abyssal Knight)          Turns: 2637, Time: 00:06:53

Health: 0/61       AC:  8    Str: 18    XL:     6   Next: 55%
Magic:  8/8        EV: 13    Int: 10    God:    Lugonu [**....]
Gold:   169        SH:  0    Dex: 16    Spells: 5/5 levels left

rFire    . . .     SeeInvis .   a - +1 falchion
rCold    . . .     Gourm    .   d - +0 scale mail
rNeg     . . .     Faith    .   (shield restricted)
rPois    .         Spirit   .   i - +0 helmet (curse)
rElec    .         Reflect  .   (no cloak)
rCorr    .         Harm     .   (no gloves)
MR       .....                  (no boots)
Stlth    ..........             w - amulet of rage
Regen    0.2/turn               (no ring)
                                (no ring)

@: berserking (expiring), lethally poisoned (0 -> -2), very quick
A: mutation resistance 1
a: Depart the Abyss, Bend Space, Renounce Religion, Evoke Berserk Rage


You were on level 4 of the Dungeon.
You worshipped Lugonu.
Lugonu was pleased with you.
You were hungry.

You visited 1 branch of the dungeon, and saw 4 of its levels.
You visited the Abyss 1 time.

You collected 169 gold pieces.

Inventory:

Hand Weapons
 a - a +1 falchion (weapon)
Missiles
 D - 20 sling bullets
Armour
 b - a +0 leather armour
 d - a +0 scale mail (worn)
 i - a cursed +0 helmet (worn)
Jewellery
 p - an uncursed ring of ice
 w - an amulet of rage (around neck)
 x - a +2 amulet of reflection {unknown}
Wands
 z - a wand of acid (4/15)
Scrolls
 e - 5 scrolls of remove curse {unknown}
 f - a scroll of random uselessness {unknown}
 j - 2 scrolls of recharging {unknown}
 k - 3 scrolls of teleportation {unknown}
 n - a scroll of magic mapping {unknown}
 o - a scroll of amnesia {unknown}
 q - a scroll of immolation {unknown}
 u - a scroll of blinking {unknown}
 y - a scroll of identify {unknown}
 B - a scroll of fear {unknown}
Potions
 g - 2 potions of might {unknown}
 h - 2 potions of curing {unknown}
 s - a potion of resistance {unknown}
 t - a potion of ambrosia {unknown}
 v - a potion of cure mutation {unknown}
 A - a potion of flight {unknown}
 E - a potion of brilliance {unknown}
Comestibles
 c - 2 bread rations
 l - a royal jelly
 m - 2 meat rations
 r - a beef jerky
 F - 2 fruits


   Skills:
 - Level 2.8 Fighting
 + Level 3.7 Long Blades
 + Level 4.1 Armour
 + Level 3.1 Dodging
 + Level 3.5 Invocations


You had 5 spell levels left.
You didn't know any spells.

Dungeon Overview and Level Annotations

Branches:
Dungeon (4/15)             Temple (0/1) D:4

Altars:
Cheibriados
Elyvilon
Nemelex Xobeh


Innate Abilities, Weirdness & Mutations

You are small and have problems with some larger weapons.
You are somewhat resistant to further mutation.


Message History

You feel sick. The orc hits you but does no damage.
The phantom hits you but does no damage.
The orc wizard gestures at you while chanting.
You resist with some effort.
You slash the phantom!
The phantom is moderately damaged.
The orc hits you but does no damage. The orc closely misses you.
The phantom barely misses you.
You riposte.
Your scale mail prevents you from hitting the phantom.
The phantom is moderately damaged.
Unknown command.
You hit the phantom.
The phantom is heavily damaged.
The orc hits you but does no damage. The phantom hits you.
* * * LOW HITPOINT WARNING * * *
The orc barely misses you.
Unknown command.
You hit the phantom.
The phantom is heavily damaged.
You die...

#.## #..# ##.##
#####..#
#......##
#.......##
#........#
#......†.# ..
##.....o@#...
#.....o.W.....#
#.............#
#.............#
#..[...o#>....#
#..(....#.....#
.........#.....#
oP.########......
≈≈≈..


You could see a phantom, an orc wizard and 2 orcs.

Vanquished Creatures
  A hound (D:4)
  2 worker ants (D:4)
  Ijyb (D:2)
  8 adders
  3 gnolls (D:3)
  An ooze (D:1)
  2 worms
  A dart slug (D:4)
  2 leopard geckos
  5 orcs (D:4)
  4 giant cockroaches
  8 goblins
  7 hobgoblins
  2 jackals (D:3)
  4 kobolds
  2 quokkas (D:2)
  8 bats
  3 frilled lizards
  A jackal skeleton (D:4)
  8 rats
73 creatures vanquished.

Notes
Turn   | Place    | Note
-------+----------+-------------------------------------------
     0 | Abyss:1  | nono the Halfling Abyssal Knight began the quest for the Orb.
     0 | Abyss:1  | Reached XP level 1. HP: 15/15 MP: 2/2
    81 | Abyss:3  | Noticed an ancient zyme
    94 | Abyss:3  | Noticed a small abomination
    96 | D:1      | Escaped the Abyss
   252 | D:1      | Reached * piety under Lugonu
   252 | D:1      | Reached XP level 2. HP: 14/20 MP: 3/3
   560 | D:1      | Reached XP level 3. HP: 25/25 MP: 4/4
   794 | D:2      | Found a white marble altar of Elyvilon.
   878 | D:2      | Reached skill level 3 in Armour
   878 | D:2      | Reached XP level 4. HP: 16/30 MP: 5/5
  1302 | D:2      | Noticed Ijyb
  1311 | D:2      | Killed Ijyb
  1585 | D:3      | Reached XP level 5. HP: 36/36 MP: 7/7
  1588 | D:3      | Reached ** piety under Lugonu
  1804 | D:3      | Found a sparkling altar of Nemelex Xobeh.
  2296 | D:4      | Reached skill level 4 in Armour
  2296 | D:4      | Reached XP level 6. HP: 38/41 MP: 8/8
  2342 | D:4      | Found a snail-covered altar of Cheibriados.
  2579 | D:4      | Found a staircase to the Ecumenical Temple.
  2596 | D:4      | Noticed a phantom
  2634 | D:4      | HP: 3/61 [poisoned by an adder]
  2636 | D:4      | HP: 1/61 [phantom (2)]
  2637 | D:4      | Succumbed to an adder's poison

Vault maps used:
D:1:      matt_arrival_grand_opening
D:2:      elyvilon_altar_4, uniq_iyjb
D:3:      old_standard_altar
D:4:      zin_purify, kennysheep_slug_shrine, first_bread,
          guppyfry_early_lair_pool
Abyss:2:  hangedman_decor_peaks_small, evilmike_abyss_exit_8
Abyss:3:  grunt_abyss_exit_deep_breaths

Skill      XL: |  1  2  3  4  5  6 |
---------------+-------------------+-----
Armour         | 3 4 |  4.1
Dodging        | 2 3 |  3.1
Invocations    | 3 |  3.5
Long Blades    | 3 |  3.7
Fighting       | |  2.8

Action                   |  1- 3 |  4- 6 || total
-------------------------+-------+-------++-------
Melee: Falchion          |    67 |   194 ||   261
Invok: Depart the Abyss  |     1 |       ||     1
 Abil: Evoke Berserk Rag |       |     1 ||     1
  Eat: Chunk             |       |     6 ||     6
Armor: Scale mail        |    39 |    96 ||   135
Dodge: Dodged            |    46 |   156 ||   202
       Rpst.: Falchion   |    13 |    60 ||    73
